 Dungeon Crawl Stone Soup version 0.23.2-1-ga50397a (webtiles) character file.

Game seed: 3955838207018731892

42 Borgoz the Cutter (level 3, -3/22 HPs)
             Began as a Kobold Gladiator on Apr 14, 2019.
             Slain by a worm (4 damage)
             ... on level 2 of the Dungeon on May 14, 2019.
             The game lasted 00:01:20 (894 turns).

Borgoz the Cutter (Kobold Gladiator)                 Turns: 894, Time: 00:01:20

Health: -3/22      AC:  4    Str: 11 (12) XL:     3   Next: 80%
Magic:  3/3        EV: 16    Int:  8 (11) God:
Gold:   31         SH:  0    Dex: 15 (16) Spells: 2/2 levels left

rFire    . . .     SeeInvis .   a - +0 rapier
rCold    . . .     Gourm    .   (shield restricted)
rNeg     . . .     Faith    .   b - +0 leather armour
rPois    .         Spirit   .   c - +0 helmet
rElec    .         Reflect  .   (no cloak)
rCorr    .         Harm     .   (no gloves)
MR       +....                  (no boots)
Stlth    +.........             (no amulet)
HPRegen  0.07/turn              h - ring of wizardry
MPRegen  0.08/turn              (no ring)

@: no status effects
A: small, talons 1, blurry vision 1, carnivore, clever 1, magic resistance 1
a: no special abilities


You were on level 2 of the Dungeon.
You were completely stuffed.

You visited 1 branch of the dungeon, and saw 2 of its levels.

You collected 31 gold pieces.

Inventory:

Hand Weapons
 a - a +0 rapier (weapon)
Missiles
 d - 3 throwing nets (quivered)
Armour
 b - a +0 leather armour (worn)
 c - a +0 helmet (worn)
Jewellery
 h - a ring of wizardry (left hand)
Scrolls
 e - a scroll of fear {unknown}
 g - a scroll of magic mapping {unknown}
 i - a scroll of teleportation {unknown}
 l - 2 scrolls of identify {unknown}
Potions
 j - a potion of degeneration
 k - a potion of mutation
Comestibles
 f - a ration
 m - 6 chunks of flesh


   Skills:
 + Level 2.7 Fighting
 + Level 4.5 Short Blades
 + Level 2.3 Throwing
 + Level 0.4 Armour
 + Level 4.3 Dodging


You had 2 spell levels left.
You didn't know any spells.
Your spell library was empty.

Dungeon Overview and Level Annotations

Branches:
Dungeon (2/15)

Altars:


Innate Abilities, Weirdness & Mutations

You are small and have problems with some larger weapons.
You are carnivorous and can eat meat at any time.
You have sharp toenails.
Scrolls take you a little longer to read.
Your mind is acute. (Int +2)
You are resistant to hostile enchantments. (MR+)


Message History

Butcher a bat corpse? [(y)es/(n)o/(a)ll/(q)uit/?]
You butcher the bat corpse.
You butcher the ball python corpse.
Items here: %% ) รทรท a cursed -2 club; a chunk of flesh; a bat skeleton; 3 chunks of flesh a ball python skeleton
m - 3 chunks of flesh (gained 1);
m - 6 chunks of flesh (gained 3)
l - 2 scrolls labeled LEANUITT DUIVO (gained 1)
You start resting.
The worm is too close now for your liking.
You hit the worm. Your kick misses the worm.
The worm is moderately wounded.
The worm bites you!
* * * LOW HITPOINT WARNING * * *
You hit the worm.
The worm is moderately wounded.
You hit the worm. You claw the worm, but do no damage.
The worm is severely wounded.
The worm bites you.
You die...

#. #..#
#.##.##
#.#....#
#.##..##
#.##.)#
#..#..##
#..#...##
#...w#..#
#...@##.###
#....##.w)###
#....####)..#
#....#
##.......
#....#
(......
#.####
...###. #.
#.... #.
#.... ...$.


You could see a worm.

Vanquished Creatures
  An adder (D:2)
  A dart slug (D:1)
  A ball python (D:2)
  5 bats
  2 giant cockroaches (D:1)
  A goblin (D:1)
  6 hobgoblins
  7 jackals
  2 kobolds (D:2)
  2 rats
28 creatures vanquished.

Notes
Turn   | Place    | Note
-------+----------+-------------------------------------------
     0 | D:1      | Borgoz the Kobold Gladiator began the quest for the Orb.
     0 | D:1      | Reached XP level 1. HP: 12/12 MP: 1/1
     0 | D:1      | Upgraded the game from 0.23.2 to 0.23.2-1-ga50397a
    30 | D:1      | Reached XP level 2. HP: 5/17 MP: 2/2
   439 | D:1      | Reached XP level 3. HP: 20/22 MP: 3/3
   827 | D:2      | Gained mutation: You have sharp toenails. [potion of
                  | mutation]
   827 | D:2      | Gained mutation: You are resistant to hostile enchantments.
                  | (MR+) [potion of mutation]
   827 | D:2      | Gained mutation: Scrolls take you a little longer to read.
                  | [potion of mutation]
   827 | D:2      | Gained mutation: Your mind is acute. (Int +2) [potion of
                  | mutation]
   892 | D:2      | HP: 1/22 [worm (8)]
   894 | D:2      | Slain by a worm

Skill      XL: |  1  2 |
---------------+-------+-----
Dodging        | 4 |  4.3
Fighting       | |  2.7
Short Blades   | |  4.5
Throwing       | |  2.3
Armour         | |  0.4

Action                   || total
-------------------------++-------
Melee: Rapier            ||    93
       Kick              ||     1
  Use: Potion            ||     3
  Eat: Chunk             ||     8
Armor: Leather armour    ||    25
       Skin              ||    22
Dodge: Dodged            ||   109
